Map: Darkness Sanctuary LE

Players

Luc - Winner!

  • Race: Zerg Zerg
  • League: Platinum
  • Spawn Location: 7:00

CabeDiego

  • Race: Terran Terran
  • League: Platinum
  • Spawn Location: 5:00

VOD

Have the link to the VOD?

Description

Platinum league

Time

  • Played on: June 26, 2018, 10:09 p.m.
  • Length: 19:15
Show
View Real Time Build Order
Export as new Build Order

Luc Zerg - Winner!

Build Orders: Hatch First 

Get SALT Encoding   

  12  0:02  Drone  
  13  0:13  Overlord  
  13  0:18  Drone  
  14  0:31  Drone x2  
  16  0:53  Drone  
  17  1:00  Drone, Hatchery  
  17  1:09  Drone x2  
  19  1:18  Extractor  
  19  1:25  Spawning Pool  
  17  1:26  Drone  
  17  1:29  Drone  
  19  1:40  Overlord  
  19  1:51  Drone  
  20  2:12  Queen x2  
  20  2:15  Zergling x6  
  28  2:22  Drone  
  28  2:29  Metabolic Boost  
  28  2:39  Hatchery  
  27  2:50  Drone  
  29  2:51  Drone x3  
  29  2:57  Queen  
  33  3:09  Zergling x4  
  33  3:10  Zergling x2  
  36  3:19  Overlord  
  36  3:32  Overlord  
  36  3:35  Roach Warren  
  36  3:37  Queen  
  36  3:39  Extractor  
  36  3:45  Drone x5  
  40  4:03  Drone x2  
  40  4:04  Drone x2, Queen  
  46  4:12  Queen  
  48  4:18  Spore Crawler  
  48  4:21  Spore Crawler  
  46  4:27  Drone x3, Spore Crawler  
  48  4:37  Drone  
  48  4:38  Drone x3  
  52  5:08  Zergling x2  
  52  5:09  Zergling x10  
  54  5:23  Drone x2  
  54  5:24  Drone  
  54  5:26  Extractor  
  56  5:29  Extractor  
  55  5:37  Evolution Chamber  
  55  5:41  Evolution Chamber  
  53  5:47  Roach x2  
  57  5:50  Overlord x2  
  57  5:51  Overlord  
  57  5:59  Hatchery  
  56  6:08  Queen  
  48  6:27  Roach  
  48  6:28  Roach x11  
  48  6:29  Roach  
  74  6:33  Drone  
  74  6:35  Drone  
  73  6:54  Drone x7  
  80  7:27  Drone  
  80  7:28  Drone x6  
  87  7:38  Burrow  
  87  7:43  Hatchery  
  85  7:44  Zergling x2  
  85  7:45  Zergling x6  
  65  7:57  Zergling x2  
  54  7:59  Zerg Missile Weapons Level 1  
  54  8:09  Lair  
  54  8:14  Drone x4  
  54  8:15  Drone x7  
  65  8:32  Zerg Ground Armor Level 1  
  65  8:33  Baneling Nest  
  64  8:50  Zergling x2  
  64  8:51  Zergling x30  
  80  8:59  Drone x6  
  86  9:10  Extractor  
  86  9:13  Extractor  
  86  9:15  Drone  
  85  9:19  Roach  
  85  9:21  Overlord x3  
  85  9:22  Overlord  
  87  9:28  Spine Crawler x2, Drone, Spore Crawler  
  87  9:29  Drone x2  
  87  9:36  Overseer  
  78  9:51  Zergling x2  
  78  9:52  Zergling x32  
  83  9:59  Zerg Melee Weapons Level 1  
  83  10:05  Infestation Pit  
  82  10:18  Hatchery  
  79  10:28  Drone x6  
  74  10:29  Drone x9  
  86  10:52  Zergling x22  
  86  10:53  Zergling x8  
  86  10:56  Baneling x4  
  86  10:57  Baneling x2  
  101  11:07  Zerg Ground Armor Level 2  
  88  11:22  Zergling x2  
  88  11:23  Zergling x20  
  96  11:32  Spire  
  95  11:34  Drone  
  95  11:35  Drone x6  
  96  12:05  Zergling x8  
  96  12:06  Zergling x26  
  111  12:09  Overlord x3  
  111  12:11  Baneling x3  
  111  12:13  Baneling  
  104  12:34  Zergling x2  
  104  12:35  Zergling x28  
  83  13:14  Drone x6  
  83  13:15  Drone x3  
  83  13:19  Hatchery  
  91  13:27  Hatchery  
  91  13:28  Hatchery  
  88  13:47  Drone x8  
  88  13:48  Drone x7  
  103  13:49  Baneling x2  
  103  13:50  Baneling  
  103  13:58  Glial Reconstitution  
  85  14:22  Zergling x14  
  85  14:23  Zergling x12  
  95  14:31  Mutalisk x7  
  65  14:53  Mutalisk x3  
  65  14:54  Mutalisk x4  
  79  15:11  Mutalisk  
  79  15:12  Mutalisk x4  
  89  15:24  Zergling x2  
  89  15:25  Zergling x12  
  89  15:44  Drone  
  89  15:45  Drone x9  
  83  15:53  Zergling x12  
  83  15:55  Baneling x2  
  83  15:56  Baneling  
  89  15:57  Baneling  
  89  16:03  Baneling x2  
  89  16:05  Drone x2  
  89  16:06  Drone x3  
  88  16:22  Zergling x22  
  88  16:23  Zergling x2  
  99  16:32  Mutalisk x3  
  99  16:33  Mutalisk  
  105  16:46  Drone x8  
  113  17:10  Overlord  
  113  17:11  Overlord x5  
  113  17:20  Roach  
  113  17:36  Spine Crawler x3  
  110  17:37  Spine Crawler  
  110  17:38  Drone  
  110  17:39  Spine Crawler, Drone x17  
  110  17:42  Spine Crawler  
  110  17:43  Spine Crawler  
  101  18:14  Zergling x2  
  101  18:15  Zergling x40  
  114  18:26  Drone  
  115  18:27  Drone x5  
  117  18:44  Hatchery  
  113  18:56  Hatchery  
Show
View Real Time Build Order
Export as new Build Order

CabeDiego Terran 

Build Orders: Hellion Banshee, MMM Bio 

Get SALT Encoding   

  12  0:00  SCV  
  13  0:13  SCV  
  14  0:18  Supply Depot  
  14  0:27  Refinery  
  14  0:28  SCV  
  15  0:40  SCV  
  16  0:46  Barracks  
  16  0:52  SCV  
  17  1:00  Supply Depot  
  17  1:07  SCV  
  18  1:19  SCV  
  19  1:32  Orbital Command  
  19  1:35  Factory  
  19  1:55  Barracks Reactor  
  19  1:56  Refinery  
  19  1:59  SCV  
  20  2:11  SCV  
  21  2:22  Barracks  
  21  2:26  SCV  
  22  2:37  Supply Depot  
  22  2:43  Barracks Tech Lab  
  26  2:44  Hellion x2  
  26  2:46  SCV  
  27  2:54  Starport  
  27  2:58  SCV  
  27  3:01  Marine  
  33  3:05  Hellion  
  33  3:06  Hellion  
  33  3:11  SCV  
  34  3:23  Supply Depot  
  34  3:39  Barracks Tech Lab  
  34  3:47  Hellion x2  
  34  3:48  Barracks Reactor  
  36  4:02  Banshee  
  39  4:10  Supply Depot  
  39  4:31  Hellion x2, SCV, Marine  
  45  4:43  SCV  
  45  4:44  Command Center  
  46  4:49  Supply Depot, Marine  
  47  4:57  Hellion x2  
  51  5:04  Marine x2  
  42  5:22  Marine  
  43  5:34  Stimpack  
  43  5:44  Marine x2  
  43  5:49  Siege Tank  
  48  5:52  SCV  
  48  5:54  Supply Depot  
  48  5:55  Marine  
  50  6:01  Marine  
  51  6:14  Marine  
  51  6:15  Marine  
  51  6:19  Marine  
  48  6:32  Medivac x2, Marine x2  
  50  6:37  Marine  
  50  6:39  Engineering Bay  
  49  6:41  Engineering Bay  
  49  6:48  Armory  
  49  6:50  Orbital Command, Marine  
  49  6:51  Marine  
  49  6:52  Barracks  
  51  6:55  Marine  
  52  7:06  Orbital Command  
  52  7:08  Siege Tank, Marine  
  55  7:09  Marine  
  57  7:23  Marine  
  57  7:28  Refinery  
  58  7:36  Marine x2  
  60  7:41  Marine  
  57  8:00  Marine x2  
  57  8:01  Marine x2  
  57  8:03  Siege Tank  
  64  8:18  Marine x2  
  66  8:23  Combat Shields  
  66  8:24  Refinery  
  66  8:34  Marine x2  
  66  8:36  Marine  
  66  8:38  Marine  
  70  8:52  Marine  
  70  8:54  Marine x2  
  73  8:56  Marine  
  74  9:10  Marine  
  74  9:12  Marine x2  
  74  9:14  Marine  
  78  9:23  SCV  
  79  9:28  Marine  
  79  9:30  Marine x2  
  82  9:31  Medivac  
  82  9:32  Marine  
  82  9:35  SCV  
  84  9:46  Marine  
  84  9:47  SCV, Marine  
  84  9:48  Marine  
  84  9:49  Siege Tank  
  84  9:50  Marine  
  84  9:59  SCV  
  85  10:03  Marine  
  85  10:05  Supply Depot  
  86  10:22  Marine x3  
  86  10:24  Medivac  
  86  10:27  Siege Tank  
  82  10:31  Marine  
  83  10:40  Marine x3  
  82  10:49  Factory, Marine  
  81  10:58  Marine x3  
  81  11:02  Command Center  
  84  11:07  Marine  
  85  11:15  Marine  
  85  11:16  Marine x2  
  83  11:27  Marine  
  84  11:33  Marine  
  84  11:39  Marine x2  
  85  11:41  Siege Tank  
  85  11:45  Marine  
  89  11:51  Marine  
  82  12:04  Marine x3  
  82  12:06  Factory Reactor  
  82  12:08  Factory Tech Lab  
  83  12:09  Marine  
  83  12:13  Siege Tank  
  87  12:21  Marine  
  87  12:22  Marine x2  
  89  12:27  Marine  
  81  12:39  Marine x2  
  81  12:40  Marine  
  81  12:44  Marine  
  81  12:45  Siege Tank  
  79  12:57  Marine x3  
  76  13:02  Marine  
  62  13:15  Marine x3  
  62  13:20  Marine  
  61  13:33  Marine x3  
  64  13:38  Marine  
  65  13:51  Marine x3  
  65  13:52  Siege Tank  
  71  13:56  Marine  
  72  14:08  Marine  
  72  14:09  Marine x2  
  75  14:14  Marine  
  73  14:26  Marine x2  
  73  14:27  Marine  
  76  14:31  Marine  
  75  14:44  Marine x3  
  70  14:49  Marine  
  58  15:01  Viking  
  58  15:02  Marine x3  
  61  15:07  Marine  
  62  15:20  Marine x3  
  65  15:25  Marine  
  65  15:27  Siege Tank  
  66  15:37  Marine  
  66  15:38  Marine x2  
  65  15:43  Marine  
  65  15:55  Missile Turret, Marine  
  65  15:56  Missile Turret  
  66  16:12  Marine x2  
  66  16:13  Marine  
  59  16:25  Barracks Reactor  
  54  16:29  Marine  
  54  16:30  Marine  
  54  16:31  Marine  
  42  16:47  Marine x2  
  42  16:49  Marine  
  35  17:05  Marine  
Tags
 
Add a new tag
Caveats
  • Supply blocks, unpowered buildings, or Contaminate may cause inaccurate times.
  • Supply counts are checked every 10 seconds.